[ PARTIDA AOE2 · #477745072 ]
UnrankedTártaros vs Magyars
Equipo del jugador · DERR
Equipo rival · VICT
[ ANÁLISIS DE REPETICIÓN · EXTRAÍDO DE LA PARTIDA GRABADA ]
Feudal
8:55
Castillos
25:41
Imperial
43:23
| APM promedio | 34.0 |
| APM pico | 84 |
| eAPM promedio | 18.7 |
| Aldeanos / militares | 114 / 159 |
Foco
⚔️ 33.9% · 🌾 66.1%
Cavalry Archer ×71 · Archer ×62 · Scout Cavalry ×18 · Skirmisher ×4 · Mangonel ×2 · Knight ×1
Feudal
9:33
Castillos
22:27
Imperial
39:03
| APM promedio | 54.5 |
| APM pico | 86 |
| eAPM promedio | 21.8 |
| Aldeanos / militares | 131 / 130 |
Foco
⚔️ 34.2% · 🌾 65.8%
Cavalry Archer ×51 · Knight ×27 · Archer ×21 · Scout Cavalry ×20 · Trebuchet (Packed) ×4 · Militia ×3
Mapa de la partida
Recursos iniciales + cada clic de construcción. Líneas = muros · curvas = relieve. ◆ oro · ⬟ piedra · ● bayas · ✦ reliquia · ◌ hueco del cierre
Tu base· ✓ Cerrada en 25:41 · 38t muro · sin puerta
Base de mental105· Abierta — flanco sin cerrar
Terreno inicial suavizado · ◌ = hueco del cierre detectado · pasá el cursor para detalles
Inputs por minuto
— Entropy-Driven - - mental105
Build order — Entropy-Driven
Primeras 150 de 382 acciones detectadas
| 0:00 | Crear | Villager (Male) |
| 0:00 | Crear | Villager (Male) |
| 0:01 | Crear | Villager (Male) |
| 0:01 | Crear | Villager (Male) |
| 0:02 | Construir | House |
| 0:04 | Construir | House |
| 1:28 | Crear | Villager (Male) |
| 1:50 | Crear | Villager (Male) |
| 2:16 | Crear | Villager (Male) |
| 2:45 | Construir | Lumber Camp |
| 2:50 | Crear | Villager (Male) |
| 3:10 | Crear | Villager (Male) |
| 3:22 | Construir | House |
| 3:41 | Crear | Villager (Male) |
| 4:04 | Crear | Villager (Male) |
| 4:05 | Crear | Villager (Male) |
| 4:40 | Crear | Villager (Male) |
| 4:52 | Construir | Mill |
| 5:14 | Crear | Villager (Male) |
| 5:21 | Crear | Villager (Male) |
| 5:21 | Investigar | Loom |
| 6:45 | Investigar | Feudal Age |
| 6:57 | Construir | House |
| 7:30 | Construir | Barracks |
| 8:11 | Crear | Villager (Male) |
| 8:52 | Construir | Mining Camp |
| 8:55 | Edad | Edad Feudal |
| 9:10 | Construir | Archery Range |
| 9:16 | Construir | Archery Range |
| 9:21 | Crear | Villager (Male) |
| 9:21 | Crear | Villager (Male) |
| 9:32 | Investigar | Double-Bit Axe |
| 9:38 | Crear | Spearman |
| 10:01 | Construir | Palisade Wall |
| 10:08 | Crear | Villager (Male) |
| 10:09 | Crear | Archer |
| 10:26 | Crear | Villager (Male) |
| 10:33 | Crear | Villager (Male) |
| 10:44 | Crear | Archer |
| 11:07 | Crear | Villager (Male) |
| 11:21 | Construir | Palisade Wall |
| 11:29 | Crear | Villager (Male) |
| 11:50 | Crear | Villager (Male) |
| 11:54 | Construir | House |
| 11:57 | Construir | Farm |
| 11:57 | Construir | Farm |
| 11:57 | Construir | Farm |
| 12:01 | Crear | Archer |
| 12:17 | Construir | Blacksmith |
| 12:32 | Construir | House |
| 12:40 | Crear | Villager (Male) |
| 12:42 | Crear | Archer |
| 12:51 | Construir | House |
| 13:07 | Crear | Villager (Male) |
| 13:08 | Crear | Villager (Male) |
| 13:08 | Crear | Archer |
| 13:10 | Construir | Farm |
| 13:19 | Construir | Farm |
| 13:37 | Crear | Archer |
| 13:42 | Crear | Archer |
| 14:15 | Crear | Villager (Male) |
| 14:30 | Construir | Mining Camp |
| 14:38 | Crear | Villager (Male) |
| 14:40 | Investigar | Fletching |
| 14:45 | Construir | Farm |
| 14:56 | Construir | Mining Camp |
| 14:58 | Crear | Villager (Male) |
| 15:18 | Construir | Farm |
| 15:18 | Construir | Farm |
| 15:18 | Construir | Farm |
| 15:18 | Construir | Farm |
| 15:47 | Crear | Villager (Male) |
| 15:47 | Crear | Villager (Male) |
| 15:48 | Crear | Archer |
| 16:00 | Construir | Archery Range |
| 16:16 | Crear | Archer |
| 16:24 | Construir | Farm |
| 16:25 | Crear | Villager (Male) |
| 16:40 | Crear | Skirmisher |
| 16:45 | Crear | Villager (Male) |
| 16:59 | Crear | Archer |
| 17:01 | Crear | Skirmisher |
| 17:25 | Crear | Archer |
| 17:45 | Crear | Villager (Male) |
| 17:46 | Crear | Villager (Male) |
| 18:17 | Crear | Archer |
| 18:18 | Crear | Skirmisher |
| 18:19 | Crear | Villager (Male) |
| 18:35 | Crear | Archer |
| 18:41 | Crear | Villager (Male) |
| 18:44 | Construir | Farm |
| 19:12 | Crear | Villager (Male) |
| 19:12 | Crear | Villager (Male) |
| 19:13 | Crear | Archer |
| 19:16 | Construir | House |
| 19:20 | Crear | Archer |
| 19:21 | Crear | Archer |
| 19:34 | Construir | House |
| 19:39 | Construir | Farm |
| 19:50 | Crear | Archer |
| 19:54 | Construir | Farm |
| 19:56 | Investigar | Horse Collar |
| 20:03 | Crear | Archer |
| 20:13 | Construir | Farm |
| 20:15 | Crear | Villager (Male) |
| 20:18 | Construir | Farm |
| 20:27 | Construir | Palisade Wall |
| 20:30 | Construir | Palisade Wall |
| 20:33 | Crear | Archer |
| 20:40 | Construir | House |
| 20:47 | Crear | Villager (Male) |
| 21:05 | Investigar | Padded Archer Armor |
| 21:11 | Crear | Villager (Male) |
| 21:31 | Crear | Archer ×3 |
| 21:34 | Crear | Villager (Male) |
| 21:34 | Crear | Villager (Male) |
| 21:49 | Construir | Farm |
| 22:04 | Crear | Archer |
| 22:04 | Crear | Archer |
| 22:20 | Construir | House |
| 22:49 | Crear | Villager (Male) |
| 23:01 | Investigar | Castle Age |
| 23:09 | Construir | House |
| 23:11 | Construir | Palisade Wall |
| 23:15 | Construir | Palisade Wall |
| 23:18 | Construir | Palisade Wall |
| 23:22 | Crear | Villager (Male) |
| 23:23 | Crear | Archer |
| 23:43 | Construir | Palisade Wall |
| 23:47 | Crear | Archer |
| 23:50 | Investigar | Horse Collar |
| 23:53 | Investigar | Gold Mining |
| 24:30 | Crear | Archer |
| 24:30 | Crear | Archer |
| 24:54 | Crear | Archer |
| 24:54 | Crear | Archer |
| 25:15 | Crear | Archer |
| 25:41 | Edad | Edad de los Castillos |
| 25:46 | Investigar | Crossbowman (upgrade) |
| 25:51 | Investigar | Bodkin Arrow |
| 25:55 | Crear | Villager (Male) |
| 25:58 | Crear | Skirmisher |
| 26:05 | Investigar | Bow Saw |
| 26:10 | Crear | Archer |
| 26:20 | Construir | Farm |
| 26:30 | Crear | Villager (Male) |
| 26:45 | Crear | Archer |
| 26:45 | Crear | Archer |
| 26:46 | Crear | Villager (Male) |
| 27:09 | Crear | Villager (Male) |
Build order — mental105
Primeras 150 de 427 acciones detectadas
| 0:01 | Crear | Villager (Male) ×4 |
| 0:02 | Construir | House |
| 0:04 | Construir | House |
| 1:34 | Crear | Villager (Male) |
| 1:48 | Construir | Lumber Camp |
| 2:01 | Crear | Villager (Male) |
| 2:18 | Crear | Villager (Male) |
| 3:10 | Crear | Villager (Male) |
| 3:26 | Crear | Villager (Male) |
| 3:40 | Construir | House |
| 3:58 | Crear | Villager (Male) |
| 3:58 | Crear | Villager (Male) |
| 4:19 | Construir | House |
| 4:33 | Crear | Villager (Male) |
| 4:57 | Crear | Villager (Male) |
| 5:00 | Construir | Mill |
| 5:09 | Crear | Villager (Male) |
| 6:05 | Crear | Villager (Male) |
| 6:12 | Crear | Villager (Male) |
| 6:12 | Investigar | Loom |
| 6:47 | Construir | Barracks |
| 7:23 | Investigar | Feudal Age |
| 7:38 | Construir | Mining Camp |
| 7:42 | Construir | Palisade Wall |
| 7:50 | Crear | Militia |
| 8:05 | Crear | Militia |
| 8:32 | Crear | Militia |
| 8:43 | Construir | House |
| 9:08 | Crear | Villager (Male) |
| 9:33 | Edad | Edad Feudal |
| 9:38 | Investigar | Man-at-Arms (upgrade) |
| 9:49 | Construir | Archery Range |
| 9:52 | Crear | Villager (Male) |
| 10:16 | Crear | Villager (Male) |
| 10:47 | Construir | Farm |
| 10:57 | Crear | Archer |
| 11:06 | Crear | Villager (Male) |
| 11:10 | Construir | Farm |
| 11:12 | Construir | Mill |
| 11:14 | Construir | Farm |
| 11:15 | Crear | Villager (Male) |
| 11:22 | Construir | House |
| 11:23 | Construir | Farm |
| 11:36 | Crear | Archer |
| 11:39 | Crear | Villager (Male) |
| 11:42 | Construir | House |
| 11:52 | Construir | House |
| 12:07 | Crear | Archer |
| 12:10 | Crear | Villager (Male) |
| 12:12 | Construir | Farm |
| 12:23 | Crear | Archer |
| 12:33 | Crear | Villager (Male) |
| 12:47 | Construir | Palisade Wall |
| 13:06 | Crear | Archer |
| 13:09 | Crear | Villager (Male) |
| 13:14 | Investigar | Double-Bit Axe |
| 13:33 | Crear | Skirmisher |
| 13:41 | Crear | Villager (Male) |
| 13:46 | Construir | Farm |
| 14:00 | Construir | Blacksmith |
| 14:19 | Crear | Archer |
| 14:29 | Crear | Archer |
| 14:34 | Crear | Villager (Male) |
| 14:35 | Construir | Farm |
| 14:41 | Crear | Villager (Male) |
| 14:53 | Investigar | Fletching |
| 14:57 | Construir | House |
| 14:58 | Construir | House |
| 15:05 | Crear | Archer |
| 15:11 | Construir | Farm |
| 15:13 | Crear | Villager (Male) |
| 15:29 | Crear | Archer |
| 15:46 | Crear | Archer |
| 15:53 | Crear | Villager (Male) |
| 15:56 | Crear | Villager (Male) |
| 15:58 | Construir | Farm |
| 16:03 | Construir | Farm |
| 16:04 | Construir | Farm |
| 16:19 | Construir | House |
| 16:20 | Construir | Palisade Wall |
| 16:23 | Investigar | Town Watch |
| 16:25 | Construir | Farm |
| 16:46 | Construir | Farm |
| 16:50 | Construir | Farm |
| 16:54 | Crear | Archer |
| 17:04 | Crear | Villager (Male) |
| 17:27 | Crear | Archer |
| 17:34 | Crear | Archer |
| 17:42 | Crear | Villager (Male) |
| 17:44 | Construir | Farm |
| 17:47 | Investigar | Wheelbarrow |
| 18:08 | Crear | Archer |
| 18:10 | Crear | Villager (Male) |
| 18:29 | Construir | Stable |
| 18:42 | Construir | House |
| 18:43 | Construir | House |
| 18:47 | Construir | Palisade Wall |
| 18:47 | Construir | Palisade Wall |
| 19:23 | Investigar | Castle Age |
| 19:44 | Crear | Scout Cavalry |
| 20:02 | Construir | Lumber Camp |
| 20:05 | Construir | Farm |
| 20:10 | Construir | House |
| 20:12 | Construir | Palisade Wall |
| 20:31 | Investigar | Gold Mining |
| 20:42 | Crear | Scout Cavalry |
| 21:10 | Investigar | Bloodlines |
| 21:20 | Crear | Archer |
| 21:32 | Crear | Archer |
| 21:48 | Construir | Stable |
| 21:51 | Investigar | Scale Barding Armor |
| 21:55 | Construir | Farm |
| 22:13 | Crear | Villager (Male) |
| 22:20 | Investigar | Horse Collar |
| 22:27 | Edad | Edad de los Castillos |
| 22:31 | Crear | Knight |
| 22:37 | Investigar | Bodkin Arrow |
| 22:50 | Crear | Knight |
| 22:51 | Crear | Villager (Male) |
| 22:59 | Construir | House |
| 23:07 | Construir | Farm |
| 23:16 | Crear | Villager (Male) |
| 23:31 | Investigar | Crossbowman (upgrade) |
| 23:37 | Construir | Town Center |
| 23:39 | Crear | Villager (Male) |
| 24:11 | Crear | Villager (Male) |
| 24:28 | Crear | Villager (Male) |
| 24:29 | Crear | Villager (Male) |
| 24:32 | Crear | Archer |
| 24:32 | Crear | Archer |
| 24:47 | Crear | Villager (Male) |
| 24:59 | Construir | Farm |
| 25:00 | Construir | Farm |
| 25:01 | Construir | House |
| 25:10 | Crear | Archer |
| 25:13 | Crear | Villager (Male) |
| 25:16 | Construir | Farm |
| 25:18 | Construir | Farm |
| 25:18 | Construir | House |
| 25:36 | Crear | Villager (Male) |
| 25:40 | Crear | Archer |
| 25:41 | Crear | Villager (Male) |
| 25:42 | Crear | Knight |
| 25:47 | Crear | Villager (Male) |
| 25:56 | Construir | Siege Workshop |
| 26:01 | Investigar | Husbandry |
| 26:01 | Crear | Knight |
| 26:03 | Crear | Villager (Male) |
| 26:06 | Construir | Farm |
| 26:08 | Construir | Farm |
Cronología de la partida
| 6:47 | mental105 · first_building Barracks |
| 7:30 | Entropy-Driven · first_building Barracks |
| 7:42 | mental105 · wall_segment Palisade Wall x1 |
| 8:55 | Entropy-Driven · age_up feudal |
| 9:10 | Entropy-Driven · first_building Archery Range |
| 9:33 | mental105 · age_up feudal |
| 9:49 | mental105 · first_building Archery Range |
| 10:01 | Entropy-Driven · wall_segment Palisade Wall x1 |
| 11:21 | Entropy-Driven · wall_segment Palisade Wall x1 |
| 12:47 | mental105 · wall_segment Palisade Wall x12 |
| 16:20 | mental105 · wall_segment Palisade Wall x8 |
| 18:29 | mental105 · first_building Stable |
| 18:47 | mental105 · wall_segment Palisade Wall x1 |
| 18:47 | mental105 · wall_segment Palisade Wall x1 |
| 20:12 | mental105 · wall_segment Palisade Wall x1 |
| 20:27 | Entropy-Driven · wall_segment Palisade Wall x9 |
| 20:30 | Entropy-Driven · wall_segment Palisade Wall x4 |
| 22:27 | mental105 · age_up castle |
| 23:11 | Entropy-Driven · wall_segment Palisade Wall x3 |
| 23:15 | Entropy-Driven · wall_segment Palisade Wall x1 |
| 23:18 | Entropy-Driven · wall_segment Palisade Wall x12 |
| 23:43 | Entropy-Driven · wall_segment Palisade Wall x7 |
| 25:41 | Entropy-Driven · age_up castle |
| 25:56 | mental105 · first_building Siege Workshop |
| 28:08 | Entropy-Driven · first_building Siege Workshop |
| 29:35 | Entropy-Driven · first_building Stable |
| 29:41 | mental105 · first_building Monastery |
| 37:16 | mental105 · first_building Castle |
| 39:03 | mental105 · age_up imperial |
| 39:03 | Entropy-Driven · first_building Castle |
| 39:36 | mental105 · first_market_sell 100 food |
| 39:46 | Entropy-Driven · first_market_sell 500 wood |
| 43:23 | Entropy-Driven · age_up imperial |
| 47:31 | Entropy-Driven · resign |
[ ANÁLISIS IA · 1 CRÉDITO ]
¿Qué pasó realmente en esta partida?
Wolo.gg analiza cada decisión: build order, eco, micro, errores típicos por bracket. Análisis personalizado por WhatsApp o Discord en 30 segundos.
Guía civ
Tártaros
Perfil
Jugador #18383906